 Dungeon Crawl Stone Soup version 0.22-a0-425-g89d60a1 (webtiles) character file.

76515 Gorglomux the Covert (level 15, -5/83 HPs)
             Began as a Spriggan Berserker on May 24, 2018.
             Was a Follower of Dithmenos.
             Slain by a spriggan berserker
             ... wielding a +0 quarterstaff
              (36 damage)
             ... on level 15 of the Dungeon.
             The game lasted 00:49:58 (31203 turns).

Gorglomux the Covert (Spriggan Berserker)          Turns: 31203, Time: 00:49:59

Health: -5/83      AC:  7    Str: 18    XL:     15   Next: 12%
Magic:  22/22      EV: 29    Int:  9    God:    Dithmenos [*.....]
Gold:   1847       SH:  0    Dex: 17    Spells: 12/21 levels left

rFire    + . .     SeeInvis +   b - +3 dagger (venom)
rCold    + + .     Gourm    .   (shield restricted)
rNeg     . . .     Faith    +   V - +0 troll leather armour {Purgy}
rPois    .         Spirit   .   (helmet restricted)
rElec    .         Reflect  .   i - scarf {rC+ rF+}
rCorr    .         Harm     .   (gloves unavailable)
MR       ++...                  (boots unavailable)
Stlth    +++++++...             K - amulet of faith
HPRegen  0.63/turn              l - +3 ring of protection
MPRegen  0.18/turn              c - ring of protection from cold

@: about to teleport, wreathed by umbra, very quick
A: very small, unfitting armour, see invisible, herbivore, speed 3, slow
metabolism 2
a: Renounce Religion


You were on level 15 of the Dungeon.
You worshipped Dithmenos.
Dithmenos was aware of your devotion.
You were not hungry.

You visited 3 branches of the dungeon, and saw 22 of its levels.
You also visited: Sewer.

You collected 1847 gold pieces.

Inventory:

Hand Weapons
 a - the +4 shortbow of Muofudgh {god gift, velocity, MR+ SInv}
   (Trog gifted it to you on level 6 of the Lair of Beasts)

   Any arrow fired from it inflicts extra damage.
   It affects your resistance to hostile enchantments.
   It lets you see invisible.
 b - a +3 dagger of venom (weapon)
 u - the +2 rapier of Woe {pierce, rC+}
   (You found it on level 4 of the Lair of Beasts)

   It inflicts extra damage upon your enemies.
   It protects you from cold.
 w - a +3 antimagic rapier {god gift}
Missiles
 v - 438 arrows
Armour
 i - a scarf of resistance (worn)
 t - +0 fire dragon scales
 U - a +2 cloak
 V - a +0 troll leather armour (worn) {Purgy}
Jewellery
 c - a ring of protection from cold (right hand)
 d - the ring "Meusuru" {*Slow rElec Str-3 Dex+5}
   (You found it on level 5 of the Dungeon)

   [ring of strength]

   It affects your strength (-3).
   It affects your dexterity (+5).
   It insulates you from electricity.
   It may slow you when you take damage.
 l - a +3 ring of protection (left hand)
 r - a +2 amulet of reflection
 K - an amulet of faith (around neck)
Wands
 D - a wand of digging (43)
 E - a wand of enslavement (29)
 I - a wand of iceblast (8)
 O - a wand of clouds (4)
 S - a wand of scattershot (9)
Scrolls
 g - 7 scrolls of amnesia
 m - a scroll of acquirement {unknown}
 n - 4 scrolls of enchant weapon
 p - 2 scrolls of enchant armour
 s - 6 scrolls of fear
 y - a scroll of brand weapon
 B - 3 scrolls of blinking
 H - a scroll of holy word {unknown}
 J - 3 scrolls of fog
 M - 2 scrolls of magic mapping
 N - 2 scrolls of noise {unknown}
 P - 4 scrolls of remove curse
 R - 2 scrolls of identify
 T - 10 scrolls of teleportation
 X - 2 scrolls of summoning {unknown}
 Y - 5 scrolls of immolation
Potions
 e - a potion of ambrosia {unknown}
 f - a potion of invisibility {unknown}
 h - 5 potions of heal wounds
 j - 2 potions of agility
 k - 3 potions of mutation {!q}
 o - 2 potions of haste
 q - 2 potions of magic
 z - 7 potions of lignification
 C - 11 potions of flight
 F - 3 potions of berserk rage
 G - 2 potions of might
 L - a potion of resistance
 Q - 9 potions of curing
 Z - 2 potions of brilliance
Miscellaneous
 W - a sack of spiders
Comestibles
 x - 25 rations


   Skills:
 - Level 11.4 Fighting
 - Level 12.0 Short Blades
 - Level 14.0 Bows
 - Level 5.0 Armour
 - Level 14.2 Dodging
 + Level 14.7 Stealth
 + Level 3.5 Spellcasting
 - Level 0.5 Hexes
 + Level 3.7 Transmutations
 + Level 2.5 Earth Magic
 - Level 9.0 Evocations


You had 12 spell levels left.
You knew the following spells:

 Your Spells              Type           Power        Failure   Level  Hunger
a - Petrify               Tmut/Erth      #.......     67%         4    #####..
x - Confuse               Hex            #.......     63%         3    ###....
z - Ensorcelled Hibernat  Hex/Ice        #.....       43%         2    ###....

Your spell library contained the following spells:

 Spells                   Type           Power        Failure   Level  Hunger
 Animate Dead             Necr           N/A          98%         4    #####..
 Tukima's Dance           Hex            #.......     63%         3    ###....
 Recall                   Summ/Tloc      N/A          71%         3    ###....
 Death Channel            Necr           #.........   100%        6    #######
 Confusing Touch          Hex            #.....       26%         1    #......
 Metabolic Englaciation   Hex/Ice        #.........   100%        5    ######.
 Corona                   Hex            #......      26%         1    #......
 Simulacrum               Ice/Necr       #.........   100%        6    #######
 Dazzling Spray           Conj/Hex       #.....       67%         3    ###....
 Gell's Gravitas          Tloc           #.........   71%         3    ###....
 Yara's Violent Unravell  Hex/Tmut       #.........   98%         5    ######.
 Borgnjor's Vile Clutch   Necr/Erth      #.........   99%         5    ######.


Dungeon Overview and Level Annotations

Branches:
Dungeon (15/15)            Temple (1/1) D:6            Lair (6/6) D:10
  Swamp (0/4) Lair:3       Spider (0/4) Lair:2        Slime (0/5) Lair:5
    Orc (0/2) D:10         Vaults (0/5) D:13         Depths (0/5) D:15

Altars:
Ashenzari
Cheibriados
Dithmenos
Elyvilon
Fedhas
Gozag
Hepliaklqana
Kikubaaqudgha
Okawaru
Qazlal
Ru
Sif Muna
Trog
Vehumet
Wu Jian
Xom
Yredelemnul
Zin
The Shining One
Jiyva

Shops:
D:6 [   D:10 :   D:11 :

Annotations:
Lair:6 exclusion: 2 oklob plants


Innate Abilities, Weirdness & Mutations

You are very small and have problems with some larger weapons.
You are too small for most types of armour.
You have supernaturally acute eyesight. (SInv)
You are a herbivore.
You cover ground extremely quickly.
You need to consume almost no food.


Message History

The spriggan berserker hits you with a quarterstaff!!!!!!
You hear a shout!!!
The spriggan butt rages!
You hear a shout!!!
The spriggan berserker rages!
You hear a trumpeting!!!
The spriggan berserker hits you with a quarterstaff!!!
You hear a trumpeting!!!
You hear a shout!!!
You hear a trumpeting!!!
You hear a shout!!!
The spriggan berserker completely misses you!
You hear an angry growl!
Okay, then!
Evoke which butt? (* to show all) (? for butt, Esc to quit)
Okay, then!
As you read the scroll of teleportation, it crumbles to dust!
You feel strangely unstable!
The spriggan berserker barely misses you!
The spriggan berserker looks more healthy!
The spriggan berserker hits you with a quarterstaff!!!!!!!!! rip

#################
................#
##.....########.#
...........# #.#
##.....###.####.#
................#
####..#.##.###..########
#..#.##.###....h....#
####..#.##......@i..i..#
......#.#######.#####..#
####....# #.# #..#
####### # #.####### #.#
#h.# ##...... #
#.......#
##.#####..###....... #
#.#####.#
#..#.........i...♣♣♣ #
#.# #.#
#.##.###..#.#...♣♣.. #
#.# #.# #.##.#
#..#....♣♣... ####.# #.#
#.##.# #......♣♣.$#.


You could see 2 spriggan berserkers and a polar bear (berserk).

Vanquished Creatures
  Kirke (D:13)
  A fire dragon (Lair:6)
  A yaktaur captain (D:13)
  An ice dragon (Lair:6)
  4 hydras
  Erica (D:8)
  2 centaur warriors
  A death knight (D:10)
  An ogre mage (D:15)
  7 two-headed ogres
  A spriggan berserker (D:15)
  Urug (Lair:2)
  Sonja (Lair:3)
  7 skeletal warriors
  A phantasmal warrior (D:14)
  An orc knight (D:13)
  A swamp dragon (Lair:6)
  2 lindwurms (Lair:6)
  Pikel (D:9)
  A necromancer (D:15)
  2 wolf spider zombies (D:14)
  A fire giant zombie (D:15)
  A cyclops (D:14)
  A cyclops (shapeshifter) (D:15)
  A deep elf mage (D:15)
  An ugly thing (D:14)
  A manticore (D:15)
  24 elephants
  2 fire giant skeletons (D:15)
  6 black mambas
  Joseph (D:10)
  5 torpor snails (Lair:6)
  A gargoyle (D:14)
  Psyche (D:8)
  9 spiny frogs
  An efreet (D:15)
  6 rime drakes
  A kobold demonologist (D:13)
  11 komodo dragons
  2 yaktaurs (D:13)
  3 tyrant leeches (Lair:6)
  3 meliai (D:12)
  4 trolls
  5 hornets (Lair:6)
  5 slime creatures (D:12)
  5 hippogriffs
  A meliai zombie (D:10)
  4 wyverns
  37 yaks
  2 redbacks (Lair:2)
  4 wraiths
  4 shadows
  A human (D:10)
  3 fire bats (Lair:4)
  A hungry ghost (D:9)
  Eustachio (D:3)
  5 hogs
  4 vampire mosquitoes (D:15)
  7 basilisks
  A golden eye (shapeshifter) (D:14)
  The ghost of emperorscorpion the Covert, an amateur FoAs (D:13)
  Edmund (D:3)
  An acid dragon (Lair:6)
  2 soldier ants (D:14)
  A tengu skeleton (D:15)
  8 water moccasins
  5 porcupines
  11 orc warriors
  A slave (D:9)
  8 ice beasts
  Purgy (Sewer)
  3 black bears
  2 swamp drakes (Lair:6)
  4 phantoms
  3 sky beasts
  11 ogres
  14 centaurs
  13 wolves
  14 crocodiles
  5 big kobolds
  14 bullfrogs
  2 wyvern zombies
  A wyvern skeleton (D:12)
  23 killer bees
  4 scorpions
  3 wights (D:9)
  A howler monkey (D:8)
  2 electric eels (D:10)
  4 crimson imps
  2 bullfrog zombies
  3 jellies
  2 centaur zombies
  4 hounds
  4 bullfrog skeletons
  3 orc priests
  7 centaur skeletons
  7 iguanas
  16 orc wizards
  7 worker ants
  3 hound skeletons
  Robin (D:4)
  3 worker ant zombies
  5 gnolls
  A river rat (D:5)
  16 adders
  6 shadow imps
  2 oozes
  2 adder zombies
  3 adder skeletons
  2 worms
  3 dart slugs
  11 leopard geckos
  45 orcs
  13 giant cockroaches
  19 goblins
  8 hobgoblins
  14 jackals
  5 quokkas
  2 ball pythons
  A ball python skeleton (D:4)
  9 bats
  15 frilled lizards
  38 kobolds
  3 leopard gecko skeletons
  2 quokka skeletons
  A quokka zombie (D:7)
  4 rats
  A butterfly (D:6)
  A fungus (Lair:6)
  A plant (Lair:6)
673 creatures vanquished.

Vanquished Creatures (others)
  A queen bee (D:12)
  A hornet (Lair:6)
  A human (D:13)
  2 centaurs (D:13)
  2 kobolds (D:9)
  10 fungi
  18 plants
  2 withered plants (D:15)
37 creatures vanquished.

Grand Total: 710 creatures vanquished

Notes
Turn   | Place    | Note
-------+----------+-------------------------------------------
     0 | D:1      | Gorglomux the Spriggan Berserker began the quest for the Orb.
     0 | D:1      | Reached XP level 1. HP: 11/11 MP: 2/2
    61 | D:1      | Reached skill level 1 in Stealth
   100 | D:1      | Reached skill level 3 in Stealth
   100 | D:1      | Reached XP level 2. HP: 6/16 MP: 3/3
   978 | D:1      | Reached ** piety under Trog
   978 | D:1      | Reached XP level 3. HP: 9/19 MP: 4/4
  1484 | D:2      | Reached XP level 4. HP: 17/23 MP: 5/5
  1496 | D:2      | Reached skill level 6 in Stealth
  1765 | D:2      | Reached XP level 5. HP: 27/27 MP: 6/6
  2059 | D:3      | Noticed a centaur
  2077 | D:3      | Killed a centaur
  2077 | D:3      | Reached skill level 3 in Fighting
  2123 | D:3      | Reached XP level 6. HP: 19/32 MP: 7/7
  2430 | D:3      | Reached *** piety under Trog
  2532 | D:3      | Found a shattered altar of Ashenzari.
  2585 | D:3      | Reached skill level 6 in Dodging
  2770 | D:3      | Noticed an orc warrior
  3006 | D:3      | Killed an orc warrior
  3207 | D:3      | Found an ancient bone altar of Kikubaaqudgha.
  3214 | D:3      | Found a sacrificial altar of Ru.
  3329 | D:3      | Found an iron altar of Okawaru.
  3537 | D:4      | Noticed Edmund
  3541 | D:4      | Noticed Eustachio
  3819 | D:3      | Killed Edmund
  3819 | D:3      | Reached XP level 7. HP: 4/37 MP: 8/8
  4126 | D:3      | Killed Eustachio
  4599 | D:4      | Noticed Robin
  4658 | D:4      | Reached **** piety under Trog
  4673 | D:4      | Killed Robin
  5096 | D:4      | Reached skill level 6 in Short Blades
  5104 | D:4      | Reached XP level 8. HP: 40/42 MP: 9/9
  5255 | D:5      | Entered Level 5 of the Dungeon
  5301 | D:5      | Found a glowing drain.
  5382 | Sewer    | Entered a sewer
  5445 | Sewer    | Noticed Purgy
  5476 | Sewer    | Killed Purgy
  5817 | D:5      | Got a coiled pewter ring
  5983 | D:5      | Identified the cursed ring "Meusuru" {*Slow rElec Str-3 Dex+5} (You found it on level 5 of the Dungeon)
  6178 | D:5      | Found a shimmering altar of Xom.
  6199 | D:6      | Found Gauppam's Antique Armour Boutique.
  6201 | D:6      | Reached skill level 9 in Dodging
  6259 | D:6      | Found a white marble altar of Elyvilon.
  6295 | D:6      | Reached ***** piety under Trog
  6373 | D:6      | Found a staircase to the Ecumenical Temple.
  7351 | D:7      | Reached XP level 9. HP: 48/48 MP: 10/10
  7823 | D:7      | Found a shimmering altar of Xom.
  7908 | D:7      | Reached skill level 6 in Fighting
  8273 | D:6      | Found an opulent altar of Gozag.
  8453 | D:8      | Noticed Psyche
  8498 | D:8      | Killed Psyche
  8711 | D:8      | Received a gift from Trog
  8755 | D:8      | Noticed Erica
  8810 | D:8      | Killed Erica
  8810 | D:8      | Reached skill level 9 in Short Blades
  8810 | D:8      | Reached XP level 10. HP: 52/55 MP: 11/11
  8900 | D:8      | Reached skill level 12 in Dodging
  9303 | D:9      | Found an opulent altar of Gozag.
  9419 | D:9      | Noticed a centaur warrior
  9452 | D:9      | Killed a centaur warrior
  9452 | D:9      | Reached skill level 1 in Armour
  9891 | D:9      | Found a glowing golden altar of the Shining One.
 10047 | D:9      | Noticed Pikel
 10102 | D:9      | Killed Pikel
 10267 | D:9      | Noticed a two-headed ogre
 10541 | D:9      | Killed a two-headed ogre
 10957 | D:10     | Entered Level 10 of the Dungeon
 10959 | D:10     | Noticed Joseph
 10963 | D:10     | Noticed a two-headed ogre
 10966 | D:10     | Killed Joseph
 10992 | D:10     | Reached XP level 11. HP: 50/60 MP: 12/12
 11037 | D:10     | Killed a two-headed ogre
 11037 | D:10     | Reached skill level 3 in Armour
 11326 | D:10     | Found a staircase to the Lair.
 11528 | D:10     | Received a gift from Trog
 11542 | D:10     | Found Ykant's Book Boutique.
 11626 | D:10     | Noticed a two-headed ogre
 11685 | D:10     | Killed a two-headed ogre
 11817 | D:10     | Found a staircase to the Orcish Mines.
 12449 | D:11     | Found Yppum's Book Shop.
 12493 | D:11     | Noticed a skeletal warrior
 12494 | D:11     | Noticed a death knight
 13239 | D:10     | Killed a death knight
 13528 | D:11     | Reached skill level 3 in Bows
 13897 | D:11     | Reached skill level 12 in Short Blades
 14025 | D:11     | Reached XP level 12. HP: 65/65 MP: 13/13
 14156 | D:11     | Noticed a two-headed ogre
 14192 | D:11     | Killed a two-headed ogre
 14192 | D:11     | Reached skill level 6 in Bows
 14624 | Lair:1   | Entered Level 1 of the Lair of Beasts
 14818 | Lair:1   | Reached ****** piety under Trog
 14902 | Lair:1   | Noticed a seven-headed hydra
 14959 | Lair:1   | Killed a seven-headed hydra
 15044 | Lair:1   | Received a gift from Trog
 15388 | Lair:1   | Reached skill level 9 in Bows
 15880 | Lair:2   | Noticed Urug
 16898 | Lair:2   | Noticed a five-headed hydra
 16950 | Lair:2   | Killed a five-headed hydra
 17176 | Lair:2   | Killed Urug
 17381 | Lair:2   | Found a hole to the Spider Nest.
 17396 | Lair:2   | Reached skill level 12 in Bows
 17497 | Lair:3   | Found a staircase to the Swamp.
 18136 | Lair:3   | Noticed Sonja
 18170 | Lair:3   | Killed Sonja
 18434 | Lair:4   | Reached XP level 13. HP: 35/70 MP: 14/14
 18924 | Lair:4   | Reached skill level 1 in Evocations
 18943 | Lair:4   | Received a gift from Trog
 19208 | Lair:4   | Reached skill level 3 in Evocations
 19744 | Lair:4   | Reached skill level 6 in Evocations
 19990 | Lair:4   | Received a gift from Trog
 20126 | Lair:4   | Got a brightly glowing rapier
 20127 | Lair:4   | Identified the +2 rapier of Woe {pierce, rC+} (You found it on level 4 of the Lair of Beasts)
 20929 | Lair:5   | Found a viscous altar of Jiyva.
 20929 | Lair:5   | Found a staircase to the Slime Pits.
 21140 | Lair:6   | Entered Level 6 of the Lair of Beasts
 21184 | Lair:5   | Reached skill level 9 in Stealth
 21350 | Lair:5   | Received a gift from Trog
 21743 | Lair:6   | Reached skill level 12 in Stealth
 21821 | Lair:6   | Reached skill level 9 in Fighting
 21989 | Lair:6   | Received a gift from Trog
 22046 | Lair:6   | Found a runed door.
 22497 | Lair:6   | Reached XP level 14. HP: 76/76 MP: 19/19
 22794 | Lair:6   | Received a gift from Trog
 22808 | Lair:6   | Got a jewelled shortbow {god gift}
 22809 | Lair:6   | Identified the +4 shortbow of Muofudgh {god gift, velocity, MR+ SInv} (Trog gifted it to you on level 6 of the Lair of Beasts)
 25537 | D:12     | Received a gift from Trog
 26075 | D:13     | Noticed Kirke
 26099 | D:13     | Killed Kirke
 26320 | D:13     | Noticed emperorscorpion's ghost (amateur FoAs)
 26353 | D:13     | Killed emperorscorpion's ghost
 26437 | D:13     | Received a gift from Trog
 26723 | D:13     | Found a gate to the Vaults.
 28194 | D:14     | Reached skill level 9 in Evocations
 28698 | Temple   | Entered the Ecumenical Temple
 28702 | Temple   | Fell from the grace of Trog
 28702 | Temple   | Became a worshipper of Dithmenos the Shadowed
 28823 | D:11     | Learned a level 3 spell: Confuse
 28826 | D:11     | Learned a level 2 spell: Ensorcelled Hibernation
 28830 | D:11     | Learned a level 3 spell: Dazzling Spray
 28982 | D:9      | Learned a level 4 spell: Petrify
 29099 | D:15     | Entered Level 15 of the Dungeon
 29133 | D:15     | Reached skill level 1 in Spellcasting
 29141 | D:15     | Reached skill level 1 in Transmutations
 29166 | D:15     | Reached skill level 1 in Earth Magic
 29509 | D:15     | Found a staircase to the Depths.
 29934 | D:15     | Reached XP level 15. HP: 59/83 MP: 22/22
 30155 | D:15     | Reached * piety under Dithmenos
 30215 | D:15     | Reached skill level 3 in Transmutations
 30246 | D:15     | Reached skill level 3 in Spellcasting
 31170 | D:15     | Found the +8 Wrath of Trog {antimagic, *Rage}
 31203 | D:15     | Slain by a spriggan berserker

Vault maps used:
D:1:      tarquinn_simple_flora_water_f
D:3:      nicolae_ashenzari_panopticon, nicolae_overflow_hidden_temple,
          okawaru_altar_gauntlet_db
D:4:      cheibrodos_old_hovel, uniq_edmund, uniq_eustachio, uniq_robin
D:5:      basic_altar, portal_sewer_entry_a, first_ration
D:6:      lemuel_upstairs_altar, elyvilon_altar_5,
          minmay_temple_entry_butterflies, serial_shops, shop
D:7:      basic_altar
D:8:      uniq_erica, uniq_psyche
D:9:      minmay_ornate_pinched, lemuel_crystal_altar, tso_oasis_becter,
          uniq_pikel
D:10:     david_lair_generic, serial_shops, shop, grunt_livestock, minivault_4,
          serial_park_tiny_pond, uniq_joseph
D:11:     serial_shops, shop, hangedman_abyss_or_decor_slice, hex_large,
          kennysheep_potato
D:12:     special_room
D:13:     david_vaults_2, uniq_kirke
D:14:     kennysheep_nub, kennysheep_generic_room_9
D:15:     gammafunk_depths_entry_grave, patterned_corridor,
          minmay_guarded_unrand_wrath_of_trog
Temple:   nicolae_temple_x_marks_the_god
Lair:1:   grunt_megastairs_4, infiniplex_staircase_pool
Lair:2:   spider_nest_entry_funnel_web, uniq_urug
Lair:3:   swamp_mist, uniq_sonja
Lair:4:   nicolae_volcano_entry_batcave, beast_lair_carwin_5, grunt_megastairs_3
Lair:5:   dpeg_slime_entry_enclosed_altar, serial_bayou_pond_c,
          nicolae_lair_grove_arrangements, serial_bayou_shore_a
Lair:6:   wormcave, guppyfry_lair_end_dragon, disabler_island
Sewer:    sewer_co_purgy_island

Skill      XL: |  1  2  3  4  5  6  7  8  9 10 11 12 13 14 15 |
---------------+----------------------------------------------+-----
Stealth        | 3 4 5 6 12 14 | 14.7
Dodging        | 5 7 8 10 11 13 14 | 14.2
Fighting       | 3 4 5 7 8 9 11 | 11.4
Short Blades   | 4 5 6 7 9 10 12 | 12.0
Armour         | 2 4 5 |  5.0
Bows           | 5 13 14 | 14.0
Evocations     | 6 9 |  9.0
Spellcasting   | 2 3 |  3.5
Transmutations | 2 3 |  3.7
Earth Magic    | 1 2 |  2.5
Hexes          | |  0.5

Action                   |  1- 3 |  4- 6 |  7- 9 | 10-12 | 13-15 || total
-------------------------+-------+-------+-------+-------+-------++-------
Melee: Short sword       |    72 |    91 |    77 |   239 |       ||   479
       Dagger            |    59 |   129 |   557 |  1211 |  1676 ||  3632
       Rapier            |       |       |     1 |     8 |    21 ||    30
 Fire: Shortbow          |       |     8 |     8 |   347 |   906 ||  1269
Invok: Berserk           |     2 |     1 |     2 |     2 |     4 ||    11
       Trog's Hand       |       |       |       |       |     3 ||     3
Evoke: Wand              |       |       |       |     3 |    10 ||    13
  Use: Scroll            |       |       |    14 |     7 |    16 ||    37
       Potion            |       |       |       |       |     5 ||     5
 Stab: Sleeping          |     5 |    16 |     9 |    20 |    19 ||    69
       Distracted        |       |       |     2 |     2 |     1 ||     5
       Fleeing           |       |       |       |     2 |     1 ||     3
  Eat: Ration            |       |     2 |     4 |     6 |    11 ||    23
Armor: Animal skin       |    11 |    30 |    14 |       |       ||    55
       Troll leather arm |       |       |    34 |    92 |   132 ||   258
Dodge: Dodged            |   112 |   162 |   352 |   922 |  1564 ||  3112
Block: Other             |       |     9 |    31 |    59 |    49 ||   148
       Reflection        |       |       |     1 |     4 |       ||     5

Table legend:
 A = Spawn XP
 B = Non-spawn XP
 C = Spawn XP percentage of total XP
 D = Spawn monster count
 E = Non-spawn monster count
 F = Spawn count percentage of total count
 G = Total turns spent on level
                    A         B        C        D         E        F      G
               +---------+---------+-------+---------+---------+-------+---------
         Total |       0 |  109308 |   0.0 |       0 |     667 |   0.0 | 31203
               +---------+---------+-------+---------+---------+-------+---------
           D:1 |       0 |      52 |   0.0 |       0 |      29 |   0.0 |  1314
           D:2 |       0 |     206 |   0.0 |       0 |      34 |   0.0 |  1178
           D:3 |       0 |     908 |   0.0 |       0 |      39 |   0.0 |  2124
           D:4 |       0 |     290 |   0.0 |       0 |      34 |   0.0 |   639
           D:5 |       0 |     321 |   0.0 |       0 |      21 |   0.0 |   719
           D:6 |       0 |     745 |   0.0 |       0 |      19 |   0.0 |   822
           D:7 |       0 |     807 |   0.0 |       0 |      25 |   0.0 |  1386
           D:8 |       0 |    2443 |   0.0 |       0 |      24 |   0.0 |   964
           D:9 |       0 |    5683 |   0.0 |       0 |      51 |   0.0 |  1950
          D:10 |       0 |    7004 |   0.0 |       0 |      36 |   0.0 |  2395
          D:11 |       0 |    6432 |   0.0 |       0 |      42 |   0.0 |  1527
          D:12 |       0 |    5317 |   0.0 |       0 |      43 |   0.0 |   994
          D:13 |       0 |    9661 |   0.0 |       0 |      35 |   0.0 |  1529
          D:14 |       0 |    5367 |   0.0 |       0 |      30 |   0.0 |  1782
          D:15 |       0 |   12899 |   0.0 |       0 |      34 |   0.0 |  1519
        Lair:1 |       0 |    4042 |   0.0 |       0 |      16 |   0.0 |  1254
        Lair:2 |       0 |    6252 |   0.0 |       0 |      21 |   0.0 |  1651
        Lair:3 |       0 |    3195 |   0.0 |       0 |       9 |   0.0 |   880
        Lair:4 |       0 |   13010 |   0.0 |       0 |      40 |   0.0 |  1782
        Lair:5 |       0 |    3905 |   0.0 |       0 |      20 |   0.0 |  1217
        Lair:6 |       0 |   20618 |   0.0 |       0 |      57 |   0.0 |  3345
         Sewer |       0 |     151 |   0.0 |       0 |       8 |   0.0 |   223
               +---------+---------+-------+---------+---------+-------+---------
